 Dungeon Crawl Stone Soup version 0.22.1-2-g9c5b331383 (webtiles) character file.

342 Ihlosi the Slasher (level 6, -1/36 HPs)
             Began as a Kobold Gladiator on Dec 21, 2018.
             Slain by an orc priest
             ... wielding a +0 dagger
              (2 damage)
             ... on level 4 of the Dungeon.
             The game lasted 00:05:00 (2648 turns).

Ihlosi the Slasher (Kobold Gladiator)               Turns: 2648, Time: 00:05:01

Health: -1/36      AC:  4    Str: 12    XL:     6   Next: 88%
Magic:  6/6        EV: 17    Int:  9    God:
Gold:   191        SH:  0    Dex: 18    Spells: 5/5 levels left

rFire    . . .     SeeInvis .   a - +0 long sword
rCold    . . .     Gourm    .   (shield restricted)
rNeg     + . .     Faith    .   b - +0 leather armour
rPois    .         Spirit   .   c - +0 helmet
rElec    .         Reflect  .   (no cloak)
rCorr    .         Harm     .   (no gloves)
MR       .....                  (no boots)
Stlth    ++........             (no amulet)
HPRegen  0.12/turn              i - ring of wizardry
MPRegen  0.10/turn              k - ring of positive energy

@: no status effects
A: small, carnivore
a: no special abilities


You were on level 4 of the Dungeon.
You were completely stuffed.

You visited 1 branch of the dungeon, and saw 4 of its levels.

You collected 191 gold pieces.

Inventory:

Hand Weapons
 a - a +0 long sword (weapon)
Missiles
 d - a throwing net (quivered)
 e - 8 curare-tipped needles
 s - 17 stones
Armour
 b - a +0 leather armour (worn)
 c - a +0 helmet (worn)
Jewellery
 i - a ring of wizardry (left hand)
 k - a ring of positive energy (right hand)
Scrolls
 h - 2 scrolls of identify
 m - a scroll of teleportation
Potions
 g - a potion of agility
 j - 3 potions of flight
 l - a potion of magic
 p - 3 potions of curing
 r - a potion of mutation
Comestibles
 f - 6 rations
 n - a chunk of flesh


   Skills:
 + Level 2.7 Fighting
 * Level 4.5 Long Blades
 - Level 2.1 Throwing
 * Level 2.1 Armour
 + Level 4.3 Dodging
 - Level 3.0 Stealth


You had 5 spell levels left.
You didn't know any spells.
Your spell library was empty.

Dungeon Overview and Level Annotations

Branches:
Dungeon (4/15)
 Temple: D:4-7

Altars:
Ashenzari

Annotations:
D:3 1 runed door, topfpfpflanze's ghost, amateur DENe


Innate Abilities, Weirdness & Mutations

You are small and have problems with some larger weapons.
You are carnivorous and can eat meat at any time.


Message History

The ogre hits you with a giant club!!
Ouch! That really hurt!
* * * LOW HITPOINT WARNING * * *
The orc priest begins to cast a cantrip, but forgets the words!
You slash the ogre!
The ogre is almost dead.
An orc comes into view. It is wielding a war axe.
The ogre misses you.
You riposte.
You slash the ogre!
You kill the ogre!
Training target 3.0 for Stealth reached!
Your Stealth skill increases to level 3!
Throwing (i - inventory. (/) - cycle)
d - 2 throwing nets (quivered)
Press: ? - help, Shift-Dir - straight line, f - orc priest
Aim: an orc priest, wielding a dagger You throw a throwing net.
The throwing net completely misses the orc priest.
The throwing net barely misses the orc.
You hear the slow rusting of a very distant drain.
The orc priest hits you with a dagger.
You die...

#.# .#.. ##(###..#.
.o....... #.#O.(...
#...# #.### #.# #o#
############@######
........†..<........
###########.##.#####
#.# .# #.. . #### ##


You could see an orc priest and an orc.

Vanquished Creatures
  2 ogres
  A scorpion (D:3)
  A worker ant (D:3)
  4 adders
  An ooze (D:1)
  A worm (D:2)
  4 dart slugs
  2 orcs (D:3)
  3 giant cockroaches
  7 hobgoblins
  5 jackals (D:4)
  2 quokkas (D:2)
  A ball python (D:2)
  6 bats
  3 frilled lizards
  5 goblins
  4 kobolds
  7 rats
59 creatures vanquished.

Notes
Turn   | Place    | Note
-------+----------+-------------------------------------------
     0 | D:1      | Ihlosi the Kobold Gladiator began the quest for the Orb.
     0 | D:1      | Reached XP level 1. HP: 12/12 MP: 1/1
    26 | D:1      | Reached XP level 2. HP: 10/17 MP: 2/2
   439 | D:1      | Reached skill level 1 in Stealth
   574 | D:1      | Reached XP level 3. HP: 21/21 MP: 3/3
  1260 | D:2      | Reached XP level 4. HP: 26/26 MP: 4/4
  1417 | D:2      | Found a shattered altar of Ashenzari.
  1785 | D:3      | Reached skill level 1 in Armour
  1997 | D:3      | Noticed an ogre
  2022 | D:3      | Killed an ogre
  2022 | D:3      | Reached XP level 5. HP: 26/31 MP: 5/5
  2041 | D:3      | Reached XP level 6. HP: 7/36 MP: 6/6
  2242 | D:3      | Found a runed door.
  2248 | D:3      | Noticed topfpfpflanze's ghost (amateur DENe)
  2626 | D:4      | Noticed an ogre
  2646 | D:4      | HP: 1/36 [ogre/giant club (25)]
  2647 | D:4      | Killed an ogre
  2648 | D:4      | Slain by an orc priest

Skill      XL: |  1  2  3  4  5  6 |
---------------+-------------------+-----
Stealth        | 1 2 3 |  3.0
Long Blades    | 3 4 |  4.5
Armour         | 1 2 |  2.1
Dodging        | 4 |  4.3
Fighting       | |  2.7
Throwing       | |  2.1

Action                   |  1- 3 |  4- 6 || total
-------------------------+-------+-------++-------
Melee: Long sword        |    78 |   103 ||   181
Throw: Throwing net      |       |     3 ||     3
  Use: Scroll            |       |     6 ||     6
       Potion            |       |     3 ||     3
 Stab: Sleeping          |     5 |     4 ||     9
       Held in net/web   |       |     2 ||     2
  Eat: Chunk             |    10 |     4 ||    14
Armor: Leather armour    |    20 |    17 ||    37
Dodge: Dodged            |    71 |    79 ||   150
       Rpst.: Long sword |    26 |    27 ||    53
